 Dungeon Crawl Stone Soup version 0.25-a0-681-gdf4e720381 (webtiles) character file.

Game seed: 2461058456911765938, levelgen mode: deterministic

26 Kohma the Chiller (level 2, -1/21 HPs)
             Began as a Demonspawn Ice Elementalist on Mar 30, 2020.
             Slain by a killer bee zombie (5 damage)
             ... on level 2 of the Dungeon.
             The game lasted 00:04:34 (1404 turns).

Kohma the Chiller (Demonspawn Ice Elementalist)     Turns: 1404, Time: 00:04:35

Health: -1/21      AC:  3    Str:  8    XL:     2   Next: 89%
Magic:  1/5        EV: 12    Int: 16    God:
Gold:   55         SH:  0    Dex: 13    Spells: 4/5 levels left

rFire    + . .     SeeInvis .   k - +1 short sword (venom)
rCold    . . .     Gourm    .   (no shield)
rNeg     . . .     Faith    .   a - +0 robe
rPois    .         Spirit   .   g - +0 helmet
rElec    .         Reflect  .   (no cloak)
rCorr    .         Harm     .   (no gloves)
MR       +....                  (no boots)
Stlth    ++........             (no amulet)
HPRegen  0.07/turn              i - ring of protection from fire
MPRegen  0.09/turn              e - ring of protection from magic

@: no status effects
A: rot immunity
a: no special abilities


You were on level 2 of the Dungeon.
You were not hungry.

You visited 1 branch of the dungeon, and saw 2 of its levels.

You collected 55 gold pieces.

Inventory:

Hand Weapons
 k - a +1 short sword of venom (weapon)
Missiles
 h - 30 stones (quivered)
Armour
 a - a +0 robe (worn)
 g - a +0 helmet (worn)
 n - a +0 ring mail
Jewellery
 e - a ring of protection from magic (right hand)
 i - a ring of protection from fire (left hand)
 p - an uncursed ring of protection from fire
Scrolls
 f - 3 scrolls of remove curse {unknown}
 j - a scroll of identify {unknown}
Potions
 b - a potion of might
 d - 3 potions of flight {unknown}
 m - a potion of ambrosia {unknown}
 o - a potion of lignification {unknown}
Comestibles
 c - a ration
 l - a chunk of flesh


   Skills:
 + Level 1.1 Fighting
 - Level 2.0 Dodging
 - Level 2.0 Stealth
 - Level 2.0 Spellcasting
 * Level 4.1 Ice Magic


You had 4 spell levels left.
You knew the following spells:

 Your Spells              Type           Power        Failure   Level  Hunger
a - Freeze                Ice            ##..         3%          1    #......

Your spell library contained the following spells:

 Spells                   Type           Power        Failure   Level  Hunger
 Frozen Ramparts          Ice            ##....       12%         3    ###....
 Ozocubu's Armour         Chrm/Ice       #.......     26%         3    ###....
 Hailstorm                Conj/Ice       #.......     65%         4    #####..
 Summon Ice Beast         Ice/Summ       #.......     65%         4    #####..


Dungeon Overview and Level Annotations

Branches:
Dungeon (2/15)

Altars:
Xom


Innate Abilities, Weirdness & Mutations

You are immune to rotting.


Message History

You hit the killer bee zombie but do no damage.
The killer bee zombie is lightly damaged.
The killer bee zombie hits you!
The killer bee zombie hits you but does no damage.
You hit the killer bee zombie.
The killer bee zombie is lightly damaged.
The killer bee zombie hits you but does no damage.
The killer bee zombie hits you.
* * * LOW HITPOINT WARNING * * *
The killer bee zombie misses you.
The killer bee zombie barely misses you.
The killer bee zombie closely misses you.
The killer bee zombie barely misses you.
The killer bee zombie barely misses you.
The killer bee zombie barely misses you.
You see here a goblin skeleton.
The killer bee zombie barely misses you.
There is a stone staircase leading up here.
The killer bee zombie hits you.
You die...

........#
........##
.........
........#
......## .....
#####.###.#.#
#...bZ@.....#
#.#########.#
###.###.#
#.......#
#######.# ...#†#
####.#.#
..#......######
................


You could see a killer bee zombie and a bat.

Vanquished Creatures
  A dart slug (D:1)
  A leopard gecko (D:1)
  A giant cockroach (D:2)
  5 goblins
  3 hobgoblins (D:1)
  3 kobolds (D:1)
  4 bats (D:1)
  A frilled lizard (D:1)
  A rat (D:1)
20 creatures vanquished.

Notes
Turn   | Place    | Note
-------+----------+-------------------------------------------
     0 | D:1      | Kohma the Demonspawn Ice Elementalist began the quest for
                  | the Orb.
     0 | D:1      | Reached XP level 1. HP: 13/13 MP: 3/3
   472 | D:1      | Gained mutation: You are immune to rotting. [demonic
                  | ancestry]
   472 | D:1      | Reached XP level 2. HP: 20/20 MP: 3/5
   714 | D:1      | Found a blossoming altar of Fedhas,
   716 | D:1      | Found an ancient bone altar of Kikubaaqudgha,
   716 | D:1      | Found a glowing golden altar of the Shining One,
   720 | D:1      | Found a shimmering altar of Xom,
   720 | D:1      | Found a shadowy altar of Dithmenos,
   720 | D:1      | Found a basalt altar of Yredelemnul,
  1041 | D:1      | Reached skill level 4 in Ice Magic
  1046 | D:1      | Reached skill level 1 in Fighting
  1404 | D:2      | Slain by a killer bee zombie

Levels and vault maps discovered:
D:1:      zelgadis_glass_arrival_small, layout_basic, doesnt_xom_only_xom
D:2:      layout_basic, gammafunk_temple_overflow_statue, uniq_jessica,
          uniq_natasha

Skill      XL: |  1  2 |
---------------+-------+-----
Stealth        | 2 |  2.0
Dodging        | 2 |  2.0
Ice Magic      | 4 |  4.1
Fighting       | 1 |  1.1
Spellcasting   | |  2.0

Action                   || total
-------------------------++-------
Melee: Short sword       ||    20
       Club              ||     2
 Cast: Freeze            ||    27
  Eat: Chunk             ||     2
Armor: Robe              ||    13
Dodge: Dodged            ||    45

Table legend:
 A = Non-vault XP
 B = Vault XP
 C = Vault XP percentage of total XP
 D = Non-vault monster count
 E = Vault monster count
 F = Vault count percentage of total count
                 A         B        C        D         E       F
            +---------+---------+-------+---------+---------+-------
      Total |      38 |       0 |   0.0 |      20 |       0 |   0.0
            +---------+---------+-------+---------+---------+-------
        D:1 |      34 |       0 |   0.0 |      18 |       0 |   0.0
        D:2 |       4 |       0 |   0.0 |       2 |       0 |   0.0
            +---------+---------+-------+---------+---------+-------
